 Dungeon Crawl Stone Soup version 0.30.0-5-g1a98f26d00 (webtiles) character file.

Game seed: 4685628432862922633

4818 workcheese the Cleaver (level 10, -5/88 HPs)
             Began as a Minotaur Berserker on May 8, 2023.
             Was a Believer of Trog.
             Killed from afar by an electric eel (9 damage)
             ... with a bolt of electricity
             ... in a bailey.
             The game lasted 00:24:44 (7155 turns).

workcheese the Cleaver (Minotaur Berserker)         Turns: 7155, Time: 00:24:45

Health: -5/88      AC: 16    Str: 25    XL:     10   Next: 24%
Magic:  9/9        EV:  9    Int:  4    God:    Trog [**....]
Gold:   263        SH:  0    Dex: 11    Spells: 9/9 levels left

rFire   + . .        v - +0 battleaxe
rCold   . . .        (shield currently unavailable)
rNeg    . . .        r - +0 plate armour
rPois   +            (helmet restricted)
rElec   .            A - +0 cloak
rCorr   .            (no gloves)
SInv    .            G - +0 pair of boots "Halaas" {rPois}
Will    ++...        E - amulet of regeneration Stlth
                     j - ring of protection from fire
HPRegen 2.14/turn    (no ring)
MPRegen 0.11/turn

%: no passive effects
@: strong-willed, regenerating, studying 2 skills, very slow
A: horns 2, retaliatory headbutt
a: Renounce Religion, Berserk, Trog's Hand


You were in a bailey.
You worshipped Trog.
Trog was pleased with you.
You visited 2 branches of the dungeon, and saw 8 of its levels.
You also visited: Bailey.

You collected 365 gold pieces.
You spent 102 gold pieces at shops.

Inventory:

Hand Weapons
 s - a +2 heavy flail
 v - a +0 battleaxe (weapon)
 D - a +0 broad axe
 H - a +2 broad axe of flaming
 I - the +8 rapier of Amigg {heavy, *Corrode rPois Int+6}
   (You found it in a bailey)

   Int:       It affects your intelligence (+6).
   rPois:     It protects you from poison.
   *Corrode:  It may corrode you when you take damage.
Missiles
 a - a throwing net
 n - a curare-tipped dart
 p - 6 atropa-tipped darts (quivered)
Armour
 r - a +0 plate armour (worn)
 A - a +0 cloak (worn)
 G - the +0 pair of boots "Halaas" (worn) {rPois}
   (You acquired it in a bailey)

   rPois:     It protects you from poison.
 J - the +3 scale mail "Nomukh" {rCorr Int-4 Slay+3}
   (You found it in a bailey)

   Int:       It affects your intelligence (-4).
   Slay:      It affects your accuracy & damage with ranged weapons and melee
   (+3).
   rCorr:     It protects you from acid and corrosion.
Jewellery
 j - a ring of protection from fire (left hand)
 u - an amulet of the acrobat
 B - an amulet of magic regeneration
 E - an amulet of regeneration (around neck)
Wands
 l - a wand of roots (20)
 t - a wand of paralysis (12)
 y - a wand of quicksilver (5)
Scrolls
 b - a scroll of blinking
 c - a scroll of magic mapping
 d - 2 scrolls of fear
 f - 3 scrolls of poison
 m - a scroll of enchant weapon {unknown}
 C - a scroll of fog {unknown}
Potions
 e - 2 potions of haste
 g - a potion of heal wounds
 h - 2 potions of mutation
 i - a potion of resistance
 k - 8 potions of curing
 o - 2 potions of brilliance
 q - 4 potions of attraction
 w - a potion of flight {unknown}
 x - a potion of ambrosia {unknown}
 z - 2 potions of lignification {unknown}
 F - a potion of invisibility {unknown}


   Skills:
 + Level 8.3 Fighting
 * Level 11.4 Axes
 + Level 7.8 Armour
 + Level 7.1 Dodging
 - Level 5.0 Stealth


You had 9 spell levels left.
You didn't know any spells.
Your spell library was empty.

Dungeon Overview and Level Annotations

Branches:
Dungeon (7/15)             Temple (1/1) D:4          Bailey (1/1)

Altars:
Ashenzari
Cheibriados
Elyvilon
Fedhas
Gozag
Hepliaklqana
Kikubaaqudgha
Makhleb
Qazlal
Ru
Sif Muna
Trog
Uskayaw
Vehumet
Wu Jian
Xom
Yredelemnul
Zin
The Shining One
Lugonu

Shops:
D:3 *   D:5 =   D:6 :


Innate Abilities, Weirdness & Mutations

You have a pair of horns on your head.
You reflexively headbutt those who attack you in melee.


Message History

There is an open door here.
You open the door.
There is an open door here.
You enter the shallow water.
Moving in this stuff is going to be slow.
An electric eel comes into view.
The electric eel shoots out a bolt of lightning at you!
The bolt of electricity hits you.
The electric eel shoots out a bolt of lightning at you!
The bolt of electricity hits you!
An electric eel comes into view.
The electric eel shoots out a bolt of lightning at you!
The bolt of electricity hits you!
Your skin crawls.
You feel strong-willed.
The electric eel shoots out a bolt of lightning at you!
The bolt of electricity hits the electric eel.
The electric eel completely resists.
The bolt of electricity hits you.
The electric eel shoots out a bolt of lightning at you!
The bolt of electricity hits you!
The electric eel shoots out a bolt of lightning at you!
The bolt of electricity hits you! x2
The electric eel shoots out a bolt of lightning at you!
The bolt of electricity hits you!
The electric eel shoots out a bolt of lightning at you!
The bolt of electricity misses you. The bolt of electricity hits you!
* * * LOW HITPOINT WARNING * * *
The electric eel shoots out a bolt of lightning at you!
The bolt of electricity hits you.
* * * LOW HITPOINT WARNING * * *
The bolt of electricity hits you!
* * * LOW HITPOINT WARNING * * *
You enter the shallow water.
Moving in this stuff is going to be slow.
The electric eel shoots out a bolt of lightning at you!
The bolt of electricity hits you.
* * * LOW HITPOINT WARNING * * *
The electric eel shoots out a bolt of lightning at you!
The bolt of electricity hits you!
You die...

#..'.....+..
≈≈≈≈≈≈≈#+####..#..⌠..#..
≈≈≈≈≈≈≈~.#.....#.....#..
≈≈≈≈≈≈≈~.#.8...#.....#..
≈≈≈≈≈≈≈~.#.))..#######..
≈≈≈≈≈≈≈~.#.8############
≈≈≈≈≈S≈~.#..#...........
≈≈≈≈≈≈≈~.#.8#...........
≈≈≈≈≈S≈@.#..#....._.....
≈≈≈≈≈≈≈~.##'#....)))....
≈≈≈≈≈≈≈~.#))#'####)####'
≈≈≈≈≈≈≈~.#..#)..#)..#...
≈≈≈≈≈≈≈~.#..#.).#...#...
≈≈≈≈≈≈≈~.#..###'#8.8#'##
≈≈≈≈≈≈≈~.#..#...#...#...
≈≈≈≈≈≈≈#'#'##'###8.8###'
≈≈≈≈≈≈≈#.)).#.[.#...#...


You could see 2 electric eels.

Vanquished Creatures
  Pikel (D:4)
  An orc knight (Bailey)
  An orc sorcerer (Bailey)
  Maggie (D:6)
  A kobold demonologist (Bailey)
  Grinder (D:4)
  Sigmund (D:4)
  Edmund (D:4)
  A water moccasin (D:6)
  12 orc warriors (Bailey)
  2 black bears
  2 phantoms
  A lemure (D:4)
  A kobold brigand (D:7)
  A gnoll sergeant (D:5)
  2 scorpions (D:5)
  3 electric eels (Bailey)
  A howler monkey (D:5)
  A jelly (D:4)
  A gnoll bouda (D:5)
  An orc priest (D:6)
  Crazy Yiuf (D:6)
  3 sleepcaps
  Terence (D:3)
  A scorpion zombie (D:3)
  A mummy (D:4)
  13 gnolls
  3 adders
  2 ufetubi
  A worm (D:2)
  2 dart slugs
  21 orcs
  8 ball pythons
  9 endoplasms
  3 giant cockroaches
  21 goblins
  15 hobgoblins
  2 jackals (D:3)
  11 kobolds
  2 quokkas
  5 bats (D:1)
  3 frilled lizards
  A giant cockroach zombie (D:3)
  5 rats
171 creatures vanquished.

Notes
Turn   | Place    | Note
-------+----------+-------------------------------------------
     0 | D:1      | workcheese the Minotaur Berserker began the quest for the
                  | Orb.
     0 | D:1      | Reached XP level 1. HP: 19/19 MP: 0/0
   119 | D:1      | Reached skill level 4 in Axes
   120 | D:1      | Reached XP level 2. HP: 17/27 MP: 1/1
   795 | D:1      | Reached XP level 3. HP: 33/33 MP: 2/2
  1583 | D:2      | Reached ** piety under Trog
  2221 | D:3      | Found a faded altar of an unknown god.
  2238 | D:3      | Reached skill level 1 in Stealth
  2332 | D:3      | Noticed Terence
  2346 | D:3      | Killed Terence
  2347 | D:3      | Reached XP level 4. HP: 15/40 MP: 3/3
  2457 | D:3      | Found Noiremp's General Store.
  2467 | D:3      | Bought a scroll of identify for 24 gold pieces
  2467 | D:3      | Bought a scroll of identify for 24 gold pieces
  2467 | D:3      | Bought a +0 pair of boots for 54 gold pieces
  2961 | D:3      | Reached skill level 5 in Axes
  2965 | D:3      | Found a basalt altar of Yredelemnul.
  3395 | D:3      | Found a faded altar of an unknown god.
  3647 | D:3      | Found Noiremp's General Store.
  3675 | D:3      | Found a basalt altar of Yredelemnul.
  3761 | D:4      | Noticed a lemure
  3764 | D:4      | Noticed a lemure
  3764 | D:4      | Noticed Pikel
  3765 | D:4      | Noticed a lemure
  3847 | D:4      | Found a staircase to the Ecumenical Temple.
  3851 | D:4      | Noticed Sigmund
  3864 | D:4      | Killed Sigmund
  3865 | D:4      | Reached XP level 5. HP: 47/47 MP: 4/4
  3865 | D:4      | Reached XP level 6. HP: 53/53 MP: 5/5
  3876 | Temple   | Entered the Ecumenical Temple
  3936 | D:4      | Found a stormy altar of Qazlal.
  3968 | D:4      | Found a shimmering altar of Xom.
  3984 | D:4      | Killed Pikel
  3985 | D:4      | Reached skill level 5 in Fighting
  3985 | D:4      | Reached skill level 7 in Axes
  3985 | D:4      | Reached XP level 7. HP: 61/61 MP: 6/6
  4224 | D:4      | Found a faded altar of an unknown god.
  4224 | D:4      | Found a shimmering blue altar of Sif Muna.
  4232 | D:4      | Found a white marble altar of Elyvilon.
  4234 | D:4      | Found a glowing golden altar of the Shining One.
  4236 | D:4      | Found a faded altar of an unknown god.
  4303 | D:4      | Identified the +8 dagger of Due Proportion {protect,
                  | Fragile Fly rPois Int+3}
  4513 | D:4      | Noticed Grinder
  4524 | D:4      | Killed Grinder
  4525 | D:4      | Reached skill level 5 in Armour
  4525 | D:4      | Reached XP level 8. HP: 70/70 MP: 7/7
  4558 | D:4      | Noticed Edmund
  4568 | D:4      | Killed Edmund
  4705 | D:4      | Found a blossoming altar of Fedhas.
  4767 | D:4      | Found a snail-covered altar of Cheibriados.
  4949 | D:5      | Entered Level 5 of the Dungeon
  5009 | D:5      | Reached skill level 8 in Axes
  5072 | D:5      | Found a burning altar of Makhleb.
  5202 | D:5      | Reached skill level 5 in Dodging
  5394 | D:5      | Found Gukaso Niobo's Jewellery Shop.
  5528 | D:6      | Reached skill level 9 in Axes
  5583 | D:6      | Found an opulent altar of Gozag.
  5653 | D:6      | Reached XP level 9. HP: 78/78 MP: 8/8
  5822 | D:6      | Found Wehaso Hany's Self-Improvement Boutique.
  5915 | D:6      | Noticed Maggie
  5923 | D:6      | Killed Maggie
  5933 | D:6      | Found a runed translucent door.
  5934 | D:6      | Noticed Crazy Yiuf
  5940 | D:6      | Killed Crazy Yiuf
  6155 | D:7      | Found a flagged portal.
  6167 | Bailey   | Entered a bailey
  6422 | Bailey   | Noticed an orc knight
  6441 | Bailey   | Killed an orc knight
  6442 | Bailey   | Reached skill level 10 in Axes
  6638 | Bailey   | Reached skill level 5 in Stealth
  6656 | Bailey   | Noticed an orc sorcerer
  6659 | Bailey   | Noticed an orange demon
  6667 | Bailey   | Noticed an ice devil
  6671 | Bailey   | Killed an orc sorcerer
  6672 | Bailey   | Reached XP level 10. HP: 82/88 MP: 9/9
  6728 | Bailey   | Reached skill level 11 in Axes
  6872 | Bailey   | Acquired an amulet of regeneration
  7030 | Bailey   | Found an iron altar of Okawaru.
  7034 | Bailey   | Noticed a soul eater
  7061 | Bailey   | Acquired the +0 pair of boots "Halaas" {rPois}
  7098 | Bailey   | Identified the +8 rapier of Amigg {heavy, *Corrode rPois
                  | Int+6}
  7107 | Bailey   | Identified the +3 scale mail "Nomukh" {rCorr Int-4 Slay+3}
  7155 | Bailey   | HP: 4/88 [electric eel/bolt of electricity (6)]
  7155 | Bailey   | Killed from afar by an electric eel

Illustrated notes

Levels and vault maps discovered:
D:1:      elethiomel_arrival_shortcut, layout_basic
D:2:      layout_basic, minmay_goblin_kobold_house
D:3:      layout_rooms, lemuel_zombie_altar_yredelemnul, serial_shops,
          nicolae_lakefront_shop, nicolae_ecumenical_pavilion, uniq_terence
D:4:      layout_loops_ring, lemuel_doored_altar, kennysheep_little_box,
          chequers_temple_overflow_minitemple, mainiacjoe_overflow_catwalk,
          slow_altar_2, minmay_temple_entry_mist, minmay_quantized, uniq_pikel,
          uniq_edmund, uniq_grinder, uniq_sigmund
D:5:      layout_rooms, mainiacjoe_overflow_paths, serial_shops,
          nicolae_shop_real_fake_doors
D:6:      layout_rooms, grunt_gozag_statues, nicolae_shop_self_help,
          uniq_crazy_yiuf_cottage, uniq_maggie
D:7:      layout_basic, nemelex_diamond_rough_becter, enter_bailey_3
Temple:   corrupted_temple
Bailey:   bailey_axe_of_yendor_kennysheep, bailey

Skill      XL: |  1  2  3  4  5  6  7  8  9 10 |
---------------+-------------------------------+-----
Axes           | 4 5 7 9 10 11 | 11.4
Fighting       | 4 5 6 7 8 |  8.3
Armour         | 3 4 5 6 7 |  7.8
Stealth        | 1 2 3 4 5 |  5.0
Dodging        | 3 4 5 6 7 |  7.1

Action                     |  1- 3 |  4- 6 |  7- 9 | 10-12 || total
---------------------------+-------+-------+-------+-------++-------
  Melee: Hand axe          |   118 |    58 |    93 |       ||   269
         Headbutt          |    10 |     9 |    44 |    10 ||    73
         Punch             |     3 |       |     1 |     1 ||     5
         War axe           |       |       |   108 |       ||   108
         Broad axe         |       |       |    10 |     4 ||    14
         Battleaxe         |       |       |       |    54 ||    54
 Invoke: Berserk           |     1 |     2 |    12 |     1 ||    16
         Trog's Hand       |     1 |     2 |    11 |     2 ||    16
    Use: Scroll            |       |     6 |     6 |     2 ||    14
 Armour: Animal skin       |     5 |       |       |       ||     5
         Scale mail        |    36 |       |       |       ||    36
         Chain mail        |    14 |     5 |       |       ||    19
         Plate armour      |       |    19 |   100 |    17 ||   136
  Dodge: Dodged            |    59 |    16 |   122 |    24 ||   221
